Map: Thunderbird LE

Players

ShoWTimE

  • Race: Protoss Protoss
  • Spawn Location: 5:00

soO - Winner!

  • Race: Zerg Zerg
  • Spawn Location: 11:00

Event: 2019 WCS Global FInals

VOD

Have the link to the VOD?

Description

Time

  • Played on: Oct. 24, 2019, 5:48 a.m.
  • Length: 12:33

All games in this series

Show
View Real Time Build Order
Export as new Build Order

ShoWTimE Protoss 

Build Orders: 1 Gate Expand, Oracle Opening, Phoenix Opening 

Get SALT Encoding   

  12  0:00  Probe  
  13  0:12  Probe  
  14  0:19  Pylon  
  14  0:24  Probe  
  15  0:37  Probe (Chrono Boost)  
  15  0:38  Gateway  
  16  0:46  Probe (Chrono Boost)  
  16  0:47  Assimilator  
  17  0:51  Probe (Chrono Boost)  
  18  1:03  Probe  
  19  1:15  Probe  
  20  1:28  Probe  
  21  1:39  Cybernetics Core  
  21  1:43  Nexus  
  21  1:48  Pylon, Probe  
  22  1:57  Assimilator  
  22  2:01  Probe  
  23  2:13  Probe, Adept (Chrono Boost)  
  26  2:25  Probe  
  27  2:30  Stargate  
  27  2:33  Adept (Chrono Boost)  
  29  2:37  Probe  
  29  2:43  Warp Gate  
  31  2:51  Probe (Chrono Boost)  
  31  2:56  Probe (Chrono Boost), Adept  
  36  3:05  Probe (Chrono Boost)  
  36  3:06  Probe (Chrono Boost)  
  36  3:10  Probe (Chrono Boost)  
  36  3:11  Pylon  
  37  3:13  Probe  
  38  3:22  Probe  
  38  3:25  Probe  
  40  3:29  Phoenix (Chrono Boost)  
  42  3:34  Probe  
  42  3:37  Probe  
  44  3:41  Gateway  
  44  3:45  Oracle (Chrono Boost)  
  44  3:46  Probe  
  48  3:49  Probe  
  48  3:51  Assimilator  
  48  3:53  Assimilator, Pylon  
  49  3:58  Probe  
  49  4:02  Probe  
  51  4:10  Probe  
  51  4:13  Oracle (Chrono Boost)  
  51  4:14  Probe  
  56  4:20  Pylon  
  56  4:22  Probe  
  57  4:25  Robotics Facility  
  57  4:26  Probe  
  58  4:33  Gateway  
  58  4:34  Probe  
  58  4:37  Pylon  
  58  4:38  Probe  
  60  4:44  Oracle (Chrono Boost)  
  63  4:47  Probe  
  63  4:50  Probe  
  63  4:52  Nexus  
  65  4:58  Pylon, Sentry x2  
  69  5:00  Probe  
  69  5:02  Probe  
  71  5:12  Probe  
  72  5:14  Probe  
  72  5:18  Observer (Chrono Boost)  
  70  5:24  Probe  
  70  5:26  Probe  
  72  5:33  Sentry  
  74  5:36  Immortal (Chrono Boost), Probe  
  74  5:37  Pylon  
  74  5:38  Probe  
  74  5:40  Pylon  
  80  5:48  Probe  
  80  5:49  Shield Battery  
  81  5:50  Probe  
  81  5:54  Stalker x2  
  81  5:56  Stalker  
  88  6:02  Probe, Shield Battery  
  88  6:03  Probe  
  90  6:05  Immortal (Chrono Boost)  
  92  6:12  Probe  
  92  6:14  Probe  
  92  6:15  Probe  
  92  6:16  Forge  
  95  6:19  Twilight Council  
  95  6:21  Assimilator  
  95  6:24  Probe  
  95  6:25  Assimilator  
  96  6:27  Probe  
  97  6:35  Immortal (Chrono Boost), Probe, Protoss Ground Weapons Level 1 (Chrono Boost)  
  97  6:36  Probe  
  97  6:39  Probe  
  104  6:42  Phoenix  
  106  6:51  Gateway  
  106  6:53  Gateway  
  106  6:55  Gateway, Charge (Chrono Boost)  
  106  6:57  Gateway  
  106  6:59  Gateway  
  106  7:02  Zealot  
  106  7:03  Zealot  
  106  7:05  Phoenix  
  106  7:07  Zealot  
  112  7:10  Pylon  
  112  7:14  Shield Battery  
  114  7:17  Shield Battery x2  
  114  7:23  Pylon  
  114  7:25  Phoenix  
  116  7:42  Probe, Templar Archives  
  117  7:44  Zealot x3  
  117  7:49  Phoenix (Chrono Boost)  
  125  7:53  Pylon  
  125  7:57  Photon Cannon, Stalker x2  
  125  7:58  Stalker, Pylon  
  130  7:59  Probe x3  
  130  8:04  Phoenix (Chrono Boost)  
  130  8:11  Probe x3  
  134  8:22  Stalker x3, Gateway  
  134  8:23  Gateway, Probe (Chrono Boost)  
  142  8:28  Probe (Chrono Boost)  
  142  8:30  Pylon  
  142  8:32  Pylon  
  142  8:38  Pylon  
  142  8:41  Nexus  
  142  8:45  Protoss Ground Weapons Level 2 (Chrono Boost)  
  142  8:48  Pylon x2, Phoenix  
  144  8:51  High Templar x2  
  144  8:52  High Templar x2  
  151  8:57  Archon x2  
  151  8:58  Blink (Chrono Boost)  
  151  9:02  Stalker  
  151  9:03  Stalker  
  155  9:13  Phoenix  
  155  9:16  Stalker x3  
  163  9:19  Warp Prism (Chrono Boost)  
  165  9:26  Zealot x4  
  173  9:45  Nexus  
  161  9:47  Pylon  
  161  9:48  High Templar x3  
  161  9:49  High Templar  
  161  9:50  Pylon  
  161  9:52  Pylon  
  159  9:53  Archon  
  159  9:59  Phoenix  
  157  10:01  Archon  
  157  10:04  Probe x3  
  133  10:08  Stalker x2  
  133  10:09  Stalker x3  
  125  10:16  Stalker, Probe x2  
  119  10:21  Stalker x2  
  119  10:22  Probe  
  109  10:28  Stalker x2, Probe  
  110  10:45  Zealot x5  
  107  10:59  High Templar x2  
  107  11:00  Zealot x3  
  109  11:04  Archon  
  107  11:18  Photon Cannon  
  107  11:20  Photon Cannon  
  100  11:26  Cybernetics Core  
  100  11:29  High Templar  
  100  11:31  High Templar  
  101  11:35  Archon  
  101  11:37  Zealot x6  
  101  11:38  Probe  
  111  12:00  Pylon  
  109  12:02  Pylon  
  109  12:13  Pylon  
  109  12:15  Pylon  
  109  12:17  Pylon  
Show
View Real Time Build Order
Export as new Build Order

soO Zerg - Winner!

Build Orders: Hatch First, Muta Ling Bane 

Get SALT Encoding   

  12  0:00  Drone  
  13  0:12  Overlord  
  13  0:17  Drone  
  14  0:30  Drone x2  
  14  0:34  Drone  
  17  0:52  Hatchery  
  17  0:55  Drone  
  17  0:59  Drone  
  18  1:19  Spawning Pool, Extractor  
  18  1:20  Drone  
  18  1:22  Drone  
  18  1:31  Drone  
  19  1:40  Drone  
  20  1:47  Hatchery  
  20  1:51  Drone  
  20  2:05  Drone x2  
  20  2:07  Queen  
  24  2:15  Drone  
  25  2:18  Overlord  
  25  2:27  Queen  
  27  2:32  Metabolic Boost  
  27  2:35  Drone  
  28  2:38  Drone  
  28  2:40  Extractor  
  28  2:41  Drone  
  28  2:44  Drone  
  30  2:47  Drone  
  30  2:48  Drone  
  32  2:54  Zergling x2  
  32  2:57  Zergling x2  
  34  3:00  Queen  
  37  3:07  Queen  
  37  3:08  Drone  
  37  3:12  Zergling x4  
  42  3:17  Overlord  
  42  3:26  Spore Crawler  
  38  3:28  Drone x2  
  38  3:31  Drone x2  
  43  3:41  Spore Crawler  
  43  3:42  Spore Crawler, Drone x2  
  43  3:45  Drone x2  
  43  3:47  Drone  
  46  3:50  Drone  
  47  3:56  Overlord  
  47  4:04  Overlord  
  47  4:08  Drone x3  
  49  4:10  Overlord  
  49  4:13  Spore Crawler  
  49  4:15  Drone, Lair  
  49  4:17  Drone  
  49  4:20  Overlord  
  49  4:23  Drone  
  51  4:24  Drone  
  51  4:26  Drone  
  51  4:27  Drone  
  51  4:28  Drone  
  51  4:30  Drone  
  56  4:32  Drone  
  56  4:35  Queen  
  56  4:37  Drone  
  60  4:39  Extractor  
  60  4:40  Drone  
  60  4:43  Drone x2  
  62  4:48  Drone  
  62  4:50  Drone, Roach Warren  
  63  4:53  Drone x2  
  63  4:54  Drone x2  
  63  4:59  Extractor  
  66  5:00  Zergling x6  
  67  5:07  Extractor  
  66  5:18  Overlord, Drone x2  
  67  5:21  Drone  
  67  5:22  Drone  
  67  5:27  Overlord, Nydus Network  
  68  5:30  Overlord  
  68  5:31  Overlord  
  68  5:33  Overlord  
  68  5:42  Drone x6  
  74  5:44  Extractor  
  74  5:46  Drone x2, Spire  
  74  5:48  Drone  
  75  5:50  Drone, Extractor  
  75  5:52  Drone x2  
  75  5:53  Drone x2  
  75  5:54  Drone  
  81  5:57  Drone  
  81  6:01  Drone x4  
  85  6:05  Drone x2  
  87  6:18  Hatchery  
  86  6:20  Glial Reconstitution  
  86  6:21  Drone  
  86  6:22  Evolution Chamber  
  86  6:23  Drone  
  87  6:27  Overlord  
  87  6:31  Overlord  
  87  6:33  Drone x2  
  87  6:36  Drone  
  87  6:37  Overlord  
  88  6:43  Drone x2  
  88  6:44  Queen  
  88  6:45  Overseer  
  92  6:58  Mutalisk  
  92  6:59  Mutalisk x8  
  110  7:04  Extractor  
  110  7:07  Overlord  
  109  7:09  Extractor  
  109  7:13  Baneling Nest  
  105  7:16  Mutalisk x2  
  105  7:17  Zergling x2  
  105  7:18  Zergling x12  
  105  7:22  Zerg Melee Weapons Level 1  
  116  7:26  Drone  
  117  7:33  Drone x3  
  117  7:35  Drone x3  
  117  7:36  Spore Crawler, Drone x4  
  124  7:37  Drone  
  124  7:41  Drone x2  
  127  7:44  Mutalisk  
  127  7:45  Mutalisk  
  127  7:50  Zerg Flyer Weapons Level 1  
  131  7:52  Overlord  
  131  7:54  Overlord  
  131  7:55  Overlord  
  131  7:57  Overlord  
  131  8:04  Overlord  
  131  8:06  Corruptor x5  
  131  8:08  Overlord  
  141  8:15  Mutalisk  
  141  8:16  Mutalisk  
  141  8:17  Hatchery  
  144  8:20  Overlord  
  144  8:24  Centrifical Hooks  
  144  8:29  Corruptor  
  144  8:35  Mutalisk  
  144  8:37  Zergling x24  
  158  8:46  Mutalisk x3  
  164  8:58  Mutalisk x2  
  164  9:00  Zergling x18  
  177  9:10  Mutalisk x3  
  182  9:21  Spine Crawler  
  182  9:22  Spine Crawler  
  182  9:24  Spine Crawler x3  
  175  9:33  Mutalisk x5  
  181  9:46  Zerg Flyer Weapons Level 2  
  181  9:50  Drone x4  
  181  9:51  Zerg Melee Weapons Level 2  
  185  9:54  Hatchery  
  183  10:04  Mutalisk x3  
  183  10:06  Zergling x18  
  181  10:13  Hatchery  
  152  10:23  Mutalisk x4  
  152  10:24  Zergling x18  
  169  10:41  Mutalisk  
  169  10:42  Mutalisk x3  
  171  10:51  Mutalisk x2  
  171  10:53  Zergling x10  
  176  11:04  Extractor  
  176  11:05  Mutalisk x2, Extractor  
  164  11:11  Mutalisk  
  164  11:15  Zergling x12  
  155  11:23  Drone x3  
  148  11:37  Mutalisk x3  
  148  11:39  Hatchery  
  149  11:46  Mutalisk x2  
  149  11:47  Spine Crawler  
  149  11:49  Spine Crawler  
  149  11:52  Zergling x4  
  149  11:59  Zergling x4  
  149  12:08  Mutalisk x3  
  146  12:10  Zergling x4  
Tags
 
Add a new tag
Caveats
  • Supply blocks, unpowered buildings, or Contaminate may cause inaccurate times.
  • Supply counts are checked every 10 seconds.